 Dungeon Crawl Stone Soup version 0.26-a0-388-gf3277c4969 (webtiles) character file.

Game seed: 17406917436698771038

2592 KristoblXynda the Grappler (level 9, 0/74 HPs)
             Began as a Troll Hedge Wizard on July 21, 2020.
             Slain by a bullfrog (6 damage)
             ... on level 7 of the Dungeon.
             The game lasted 00:08:10 (5519 turns).

KristoblXynda the Grappler (Troll Hedge Wizard)     Turns: 5519, Time: 00:08:10

Health: 0/74       AC: 11    Str: 20    XL:     9   Next: 33%
Magic:  11/11      EV: 10    Int: 13    God:
Gold:   311        SH:  0    Dex:  9    Spells: 8/12 levels left

rFire    . . .     SeeInvis .     - Unarmed
rCold    . . .     Faith    .   (no shield)
rNeg     . . .     Spirit   .   q - +0 steam dragon scales
rPois    .         Reflect  .   c - +1 hat
rElec    .         Harm     .   d - +0 cloak
rCorr    .         Rnd*Tele +   (gloves unavailable)
MR       .....                  (boots unavailable)
Stlth    +.........             (no amulet)
HPRegen  0.62/turn              v - ring of teleportation (curse)
MPRegen  0.12/turn              (no ring)

@: no status effects
A: large, unfitting armour, claws 3, regeneration 1, shaggy fur 1, tough skin 3
a: no special abilities


You were on level 7 of the Dungeon.
You visited 1 branch of the dungeon, and saw 7 of its levels.
You also visited: Ossuary.

You collected 311 gold pieces.

Inventory:

Missiles
 t - 3 throwing nets (quivered)
Armour
 c - a +1 hat (worn)
 d - a +0 cloak (worn)
 q - +0 steam dragon scales (worn)
Jewellery
 f - an uncursed ring of ice
 l - an uncursed ring of flight
 v - a cursed ring of teleportation (left claw)
Wands
 u - a wand of acid (4)
Scrolls
 g - 5 scrolls of teleportation
 i - 3 scrolls of blinking
 j - a scroll of remove curse
 k - 3 scrolls of enchant armour
 m - a scroll of amnesia
 y - a scroll of enchant weapon {unknown}
Potions
 a - a potion of degeneration {unknown}
 e - a potion of invisibility {unknown}
 h - 2 potions of brilliance
 n - a potion of curing
 o - a potion of stabbing {unknown}
 p - 2 potions of lignification {unknown}
 r - 2 potions of heal wounds {unknown}
 s - 3 potions of flight
 w - 2 potions of cancellation {unknown}
 x - 2 potions of berserk rage {unknown}


   Skills:
 - Level 1.5 Dodging
 - Level 1.0 Stealth
 + Level 9.0 Unarmed Combat
 - Level 2.0 Spellcasting
 + Level 6.9 Conjurations
   Level 0.6 Summonings
   Level 0.6 Translocations


You had 8 spell levels left.
You knew the following spells:

 Your Spells              Type           Power        Failure   Level
a - Magic Dart            Conj           ###.         1%          1
b - Mephitic Cloud        Conj/Pois/Air  #.......     30%         3

Your spell library contained the following spells:

 Spells                   Type           Power        Failure   Level
 Conjure Flame            Conj/Fire      ##......     19%         3
 Animate Skeleton         Necr           #.....       26%         1
 Pain                     Necr           #...         26%         1
 Blink                    Tloc           N/A          30%         2
 Call Imp                 Summ           #.......     30%         2
 Slow                     Hex            #.......     36%         2
 Vampiric Draining        Necr           #.........   58%         3
 Animate Dead             Necr           #.........   94%         4
 Agony                    Necr           #.......     100%        5


Dungeon Overview and Level Annotations

Branches:
Dungeon (7/15)             Temple (0/1) D:7         Ossuary (visited)

Altars:
Elyvilon
Fedhas
Gozag
Kikubaaqudgha
Makhleb
Nemelex Xobeh
Okawaru
Qazlal
Ru
Sif Muna
Trog
Vehumet
Yredelemnul
The Shining One


Innate Abilities, Weirdness & Mutations

You are too large for most types of armour.
You have claws for hands.
Your natural rate of healing is unusually fast.
You are covered in fur. (AC +1)
You have extremely tough skin. (AC +3)


Message History

You start resting.
You feel strangely unstable.
You are suddenly yanked towards a nearby monster!
Your surroundings suddenly seem different.
A bullfrog comes into view.
The bullfrog gives a loud, deep croak!
An orc comes into view. It is wielding a +0 flail.
The bullfrog hits you but does no damage.
Found a staircase to the Ecumenical Temple.
You barely miss the bullfrog. The bullfrog hits you!
* * * LOW HITPOINT WARNING * * *
You mangle the bullfrog!!
The bullfrog is almost dead.
The bullfrog hits you.
* * * LOW HITPOINT WARNING * * *
The orc hits you but does no damage. The bullfrog closely misses you.
You scratch the bullfrog.
The bullfrog is almost dead.
The bullfrog hits you.
You die...

.......###oo. .......
##..> ....... . ..
.##.... .. ###+###
..... ..... ...
#.....# #.... .
....#.###.##.... .Z
..'.#>'.'.... o. #
#.###.#../ .# #.
#.o@F.#.. ..### ####.
###+###.#.....#
..>...###).###.....#.
#...)...)).........
###############...#
..#


O You could see a bullfrog and an orc.

Vanquished Creatures
  Pikel (D:5)
  Maggie (D:6)
  An orc warrior (D:7)
  A sky beast (D:6)
  A black bear (D:3)
  2 ogres
  2 centaurs (D:6)
  4 lemures (D:5)
  Blork the orc (D:6)
  An elf zombie (Ossuary)
  2 scorpions
  A howler monkey (D:2)
  5 hounds
  A jelly (D:6)
  An orc wizard (D:3)
  Crazy Yiuf (D:6)
  2 bullfrog skeletons
  An orc priest (D:5)
  3 iguanas
  A human zombie (Ossuary)
  Terence (D:3)
  7 worker ants
  A big kobold zombie (Ossuary)
  A hound zombie (Ossuary)
  A hound skeleton (D:7)
  4 mummies (Ossuary)
  Robin (D:2)
  4 gnolls (D:6)
  7 adders
  A white imp (D:7)
  3 oozes
  An adder skeleton (D:6)
  2 dart slugs
  5 leopard geckos
  14 orcs
  8 bats
  8 giant cockroaches
  21 goblins
  6 hobgoblins
  11 jackals
  3 quokkas
  3 ball pythons
  A ball python skeleton (D:6)
  4 frilled lizards
  6 gnoll zombies
  A goblin zombie (Ossuary)
  A hobgoblin zombie (Ossuary)
  A jackal skeleton (D:4)
  A jackal zombie (D:6)
  7 kobolds
  A leopard gecko skeleton (D:4)
  10 rats
  2 rat zombies (Ossuary)
181 creatures vanquished.

Notes
Turn   | Place    | Note
-------+----------+-------------------------------------------
     0 | D:1      | KristoblXynda the Troll Hedge Wizard began the quest for
                  | the Orb.
     0 | D:1      | Reached XP level 1. HP: 16/16 MP: 2/2
    69 | D:1      | Reached skill level 1 in Conjurations
   216 | D:1      | Reached skill level 1 in Unarmed Combat
   221 | D:1      | Reached XP level 2. HP: 24/24 MP: 4/4
   677 | D:2      | Reached XP level 3. HP: 24/31 MP: 5/5
   786 | D:2      | Reached skill level 2 in Unarmed Combat
   799 | D:2      | Noticed Robin
   815 | D:2      | Killed Robin
   960 | D:2      | Reached XP level 4. HP: 39/39 MP: 6/6
  1014 | D:2      | Reached skill level 3 in Unarmed Combat
  1521 | D:2      | Found a burning altar of Makhleb.
  1521 | D:2      | Found a glowing golden altar of the Shining One.
  1638 | D:3      | Reached XP level 5. HP: 42/45 MP: 7/7
  1867 | D:3      | Noticed Terence
  1881 | D:3      | Killed Terence
  1919 | D:3      | Found a basalt altar of Yredelemnul.
  1984 | D:3      | Found an ancient bone altar of Kikubaaqudgha.
  2039 | D:3      | Noticed a black bear
  2045 | D:3      | Killed a black bear
  2045 | D:3      | Reached skill level 4 in Unarmed Combat
  2045 | D:3      | Reached XP level 6. HP: 48/53 MP: 8/8
  2055 | D:3      | Found a stormy altar of Qazlal.
  2056 | D:3      | Found an iron altar of Okawaru.
  2339 | D:4      | Found a shimmering blue altar of Sif Muna.
  2936 | D:5      | Entered Level 5 of the Dungeon
  2955 | D:5      | Found a radiant altar of Vehumet.
  2985 | D:5      | Reached skill level 5 in Unarmed Combat
  3148 | D:5      | Reached XP level 7. HP: 46/59 MP: 9/9
  3194 | D:5      | Noticed Pikel
  3264 | D:5      | Learned a level 3 spell: Mephitic Cloud
  3339 | D:5      | Found a blossoming altar of Fedhas.
  3393 | D:5      | Killed Pikel
  3393 | D:5      | Reached skill level 6 in Unarmed Combat
  3512 | D:5      | Found a bloodstained altar of Trog.
  3687 | D:5      | Reached XP level 8. HP: 63/67 MP: 10/10
  3786 | D:5      | Reached skill level 5 in Conjurations
  4072 | D:5      | Found a white marble altar of Elyvilon.
  4072 | D:5      | Found a sparkling altar of Nemelex Xobeh.
  4121 | D:6      | Reached skill level 7 in Unarmed Combat
  4388 | D:6      | Noticed Maggie
  4399 | D:6      | Killed Maggie
  4399 | D:6      | Reached skill level 8 in Unarmed Combat
  4485 | D:6      | Noticed Blork the orc
  4498 | D:6      | Killed Blork the orc
  4498 | D:6      | Reached XP level 9. HP: 65/74 MP: 11/11
  4614 | D:6      | Found a sacrificial altar of Ru.
  4631 | D:6      | Found a runed translucent door.
  4632 | D:6      | Noticed Crazy Yiuf
  4746 | D:6      | Found a sand-covered staircase.
  4752 | Ossuary  | Entered an ossuary
  5180 | D:6      | Found an opulent altar of Gozag.
  5286 | D:6      | Killed Crazy Yiuf
  5513 | D:7      | Reached skill level 9 in Unarmed Combat
  5516 | D:7      | Found a staircase to the Ecumenical Temple.
  5519 | D:7      | Slain by a bullfrog

Illustrated notes

Levels and vault maps discovered:
D:1:      onia_arrival_mini_maze, layout_rooms
D:2:      layout_basic, gammafunk_temple_overflow_statue, grunt_ministairs_2,
          uniq_robin
D:3:      layout_basic, lemuel_zombie_altar_yredelemnul, marbit_many_paths,
          minitemple, minmay_starry_boxes, uniq_terence
D:4:      layout_loops_corners, lemuel_round_altar
D:5:      layout_loops_ring, gammafunk_temple_overflow_elements,
          overflow_temple_1_default, fountainhead, moated_statue,
          kennysheep_flooded_box, trog_butcher_becter, uniq_pikel
D:6:      layout_basic, overflow_temple_1_default,
          nicolae_ossuary_entry_monument, minivault_24,
          small_statue_intersection, grunt_gozag_breadcrumbs, uniq_maggie,
          uniq_blork_the_orc, uniq_crazy_yiuf_cottage
D:7:      layout_rooms, minmay_temple_entry_glassed_door, minivault_1

Skill      XL: |  1  2  3  4  5  6  7  8  9 |
---------------+----------------------------+-----
Conjurations   | 1 2 3 4 6 |  6.9
Unarmed Combat | 1 2 3 4 5 6 8 9 |  9.0
Dodging        | |  1.5
Stealth        | |  1.0
Spellcasting   | |  2.0
Summonings     | |  0.6
Translocations | |  0.6

Action                   |  1- 3 |  4- 6 |  7- 9 || total
-------------------------+-------+-------+-------++-------
Melee: Unarmed           |   116 |   232 |   292 ||   640
       Punch             |       |     3 |     6 ||     9
 Cast: Magic Dart        |       |       |     2 ||     2
Evoke: Wand              |       |       |     1 ||     1
  Use: Scroll            |       |     4 |     5 ||     9
       Potion            |       |       |     2 ||     2
 Stab: Sleeping          |     1 |     2 |       ||     3
Armor: Robe              |    56 |    92 |    74 ||   222
       Steam dragon scal |       |       |    31 ||    31
Dodge: Dodged            |    91 |   109 |   123 ||   323

Table legend: (Time is in decaauts)
 A = Elapsed time spent in this place.
 B = Non-inter-level travel time spent in this place.
 C = Inter-level travel time spent in this place.
 D = Time resting spent in this place.
 E = Time spent auto-exploring this place.
 F = Levels seen in this place.
 G = Mean time per level.
                   A        B        C        D        E       F      G
               +--------+--------+--------+--------+--------+-----+--------+
         Total |   5459 |   5254 |    205 |    727 |   3202 |   8 |  682.4 |
       Dungeon |   5254 |   5049 |    205 |    727 |   3128 |   7 |  750.6 |
       Ossuary |    204 |    204 |      0 |      0 |     74 |   1 |  204.0 |
               +--------+--------+--------+--------+--------+-----+--------+
Top levels by time: D:5: 1152 daAuts D:6: 1113 daAuts D:2: 942 daAuts D:4: 836 daAuts D:1: 660 daAuts D:3: 477 daAuts Ossuary: 204 daAuts D:7: 72 daAuts
